 Dungeon Sprint DCSS version 0.31-a0-370-g25055926c8 (webtiles) character file.

Game seed: 9843871293062223182

6920 Conn the Arsonist (level 11, 0/63 HPs)
             Began as an Octopode Fire Elementalist on July 28, 2023.
             Was a High Priest of Sif Muna.
             Shot with an arrow by a spriggan rider (18 damage)
             ... in the Dungeon (Sprint IV: "Fedhas' Mad Dash").
             The game lasted 00:22:51 (2930 turns).

Conn the Arsonist (Octopode Fire Elementalist)      Turns: 2930, Time: 00:22:52

Health: 0/63       AC:  1    Str:  9    XL:     11   Next: 7%
Magic:  25/28      EV: 14    Int: 21    God:    Sif Muna [*****.]
Gold:   195        SH:  0    Dex: 12    Spells: 8/37 levels left

rFire   . . .        j - +4 orcbow "Mukosk" {heavy, Fly rPois rC+}
rCold   + + .        (shield currently unavailable)
rNeg    . . .        (helmet restricted)
rPois   +            b - amulet of invisibility {+Inv}
rElec   .            c - ring of protection from cold
rCorr   .            (no ring)
SInv    .            (no ring)
Will    .....        (no ring)
Stlth   ++++         (no ring)
HPRegen 0.30/turn    (no ring)
MPRegen 0.21/turn    (no ring)
                     (no ring)

%: no teleportation
@: flying
A: almost no armour, amphibious, 8 rings, camouflage 1, gelatinous body 1,
(nimble swimmer 1), tentacles
a: Renounce Religion, Evoke Invisibility, Channel Magic, Forget Spell, Divine
Exegesis


You were in the Dungeon.
You worshipped Sif Muna.
Sif Muna was extremely pleased with you.
You visited 1 branch You collected 195 gold pieces.

Inventory:

Hand Weapons
 j - the +4 orcbow "Mukosk" (weapon) {heavy, Fly rPois rC+}
   (You found it in the Dungeon)

   rC:        It protects you from cold.
   rPois:     It protects you from poison.
   Fly:       It grants you flight.
Magical Staves
 l - a staff of poison
Jewellery
 b - the amulet of invisibility (around mantle) {+Inv}
   (You found it in the Dungeon)

   [amulet of nothing]

   +Inv:      It lets you turn invisible.
 c - a ring of protection from cold (left tentacle)
Scrolls
 f - a scroll of revelation {unknown}
 h - a scroll of amnesia
 k - a scroll of identify
Potions
 a - 3 potions of magic
 d - a potion of haste
 e - 2 potions of berserk rage
 g - a potion of might
 i - a potion of heal wounds
Miscellaneous
 m - a sack of spiders (inert)


   Skills:
 + Level 1.2 Fighting
 * Level 6.2 Ranged Weapons
 + Level 4.9 Dodging
 + Level 6.1 Stealth
 + Level 13.6 Spellcasting
 * Level 6.9 Conjurations
 + Level 3.0 Hexes
 * Level 4.3 Transmutations
 + Level 14.9 Fire Magic
 * Level 4.2 Air Magic
 * Level 6.9 Invocations
 + Level 7.8 Evocations


You had 8 spell levels left.
You knew the following spells:

 Your Spells              Type           Power      Damage    Failure   Level
a - Foxfire               Conj/Fire      100%       2x1d9     1%          1
b - Scorch                Fire           100%       2d9       0%          2
c - Inner Flame           Hex/Fire       51%        N/A       1%          3
d - Flame Wave            Conj/Fire      57%        2d14      1%          4
e - Static Discharge      Conj/Air       74%        2-6/arc   1%          2
f - Swiftness             Air            32%        N/A       2%          3
g - Arcjolt               Conj/Air       18%        1d28      12%         5
h - Irradiate             Conj/Tmut      19%        3d18      12%         5
i - Airstrike             Air            16%        2d(3-19)  8%          4

Your spell library contained the following spells:

 Spells                   Type           Power      Damage    Failure   Level
 Shock                    Conj/Air       100%       1d9       1%          1
 Volatile Blastmotes      Fire/Tloc      90%        2d17      1%          3
 Freezing Cloud           Conj/Ice/Air   15%        6-21      26%         5
 Silence                  Hex/Air        14%        N/A       26%         5
 Yara's Violent Unravell  Hex/Tmut       14%        3d7       26%         5
 Alistair's Intoxication  Tmut/Pois      15%        N/A       45%         5
 Lee's Rapid Deconstruct  Erth           7%         3d6*      77%         5


Dungeon Overview and Level Annotations

Branches:
Dungeon (1/1)

Altars:
Cheibriados
Dithmenos
Elyvilon
Gozag
Hepliaklqana
Kikubaaqudgha
Makhleb
Nemelex Xobeh
Okawaru
Qazlal
Ru
Sif Muna
Trog
Uskayaw
Vehumet
Wu Jian
Xom
Yredelemnul
Zin
The Shining One
Jiyva
Lugonu

Shops:
D =[[**(


Innate Abilities, Weirdness & Mutations

You cannot wear most types of armour.
You are amphibious.
You can wear up to eight rings at the same time.
Your skin changes colour to match your surroundings (Stealth+).
Your rubbery body absorbs attacks. (AC +1, EV +1)
((You are camouflaged when in or above water. (Stealth+)))
You have tentacles for arms and can constrict up to eight enemies at once.


Message History

Confirm with . or Enter, or press ? or * to list all spells.
The spell is quite dangerous to miscast (12% risk of failure)!
Continue anyway?
Electricity surges outward!
You start resting.
Magic restored.
Unknown command.
You start waiting.
A spriggan rider is nearby!
You reach into the sack... ...and things crawl out!
The sack is emptied!
Unknown command.
You swap places.
The spriggan rider shouts!
The spriggan rider wields the +8 storm bow {elec, penet}.
You hear the crackle of electricity.
The spriggan rider shoots an arrow.
The arrow pierces through your jumping spider!!
The arrow pierces through you!!
Casting: Arcjolt (quite dangerous; 12% risk of failure)
Confirm with . or Enter, or press ? or * to list all spells.
Aiming: Inner Flame (safe; 1% risk of failure)
Press: ? - help, Dir - move target, f - scorpion, p - bush
Aim: a scorpion (summoned, friendly, chance to affect: 93%)
Your scorpion is filled with an inner flame.
The spriggan rider shoots an arrow.
The arrow pierces through your jumping spider!!
Your jumping spider dies!
Your jumping spider's corpse disappears in a puff of smoke!
The arrow pierces through you!
Your scorpion barely misses the spriggan rider.
Casting: Inner Flame (safe; 1% risk of failure)
Confirm with . or Enter, or press ? or * to list all spells.
Okay, then.
Unknown command.
Unknown command.
You feel much better.
The spriggan rider shoots an arrow.
The arrow pierces through you!!
Ouch! That really hurt!
* * * LOW HITPOINT WARNING * * *
You are electrocuted!!
You die...

..#...###################......#
.######.......♣.###.'..'.....[(+
###.)'...)......##..#.)#.......#
.....#.......♣..###.##'##......#
.....#..........'...#[).########
#####################.....#### .
###..........###
....#####........).....♣#
..P.i.§.@..........∩.∩...
..P..s################### #####


You could see a spriggan rider (ally target) and a friendly scorpion (summoned,
inner flame).

Vanquished Creatures
  Agnes (D)
  A spriggan defender (D)
  A spriggan berserker (D)
  A spriggan druid (D)
  6 oklob plants (D)
  3 wandering mushrooms (D)
  3 burning bushes (D)
  A queen bee (D)
  3 scorpions (D)
  4 killer bees (D)
  5 oklob saplings (D)
  2 spriggans (D)
  A river rat (D)
  A rat (D)
  A ballistomycete spore (D)
34 creatures vanquished.

Vanquished Creatures (collateral kills)
  A foxfire (D)
1 creature vanquished.

Vanquished Creatures (others)
  73 foxfires (D)
73 creatures vanquished.

Grand Total: 108 creatures vanquished

Notes
Turn   | Place    | Note
-------+----------+-------------------------------------------
     0 | D        | Conn the Octopode Fire Elementalist began the quest for the
                  | Orb.
     0 | D        | Reached XP level 1. HP: 11/11 MP: 3/3
    12 | D        | Reached skill level 4 in Fire Magic
    12 | D        | Reached XP level 2. HP: 16/17 MP: 0/5
    67 | D        | Noticed an oklob sapling
    70 | D        | Noticed a scorpion
    70 | D        | Found the amulet of invisibility {+Inv}
    79 | D        | Killed a scorpion
    80 | D        | Reached skill level 6 in Fire Magic
    80 | D        | Reached XP level 3. HP: 10/21 MP: 1/8
    80 | D        | Reached XP level 4. HP: 13/27 MP: 1/9
    81 | D        | Got Acuirghe's Grimoire of Impurities and Momentum
    92 | D        | Learned a level 2 spell: Scorch
    96 | D        | Learned a level 3 spell: Inner Flame
   101 | D        | Learned a level 4 spell: Flame Wave
   161 | D        | Found an opulent altar of Gozag.
   161 | D        | Found a hazy altar of Hepliaklqana.
   161 | D        | Found a burning altar of Makhleb.
   161 | D        | Found a sparkling altar of Nemelex Xobeh.
   161 | D        | Found a snail-covered altar of Cheibriados.
   161 | D        | Found a sacrificial altar of Ru.
   161 | D        | Found a shimmering blue altar of Sif Muna.
   161 | D        | Found a shimmering altar of Xom.
   161 | D        | Found a basalt altar of Yredelemnul.
   162 | D        | Found a viscous altar of Jiyva.
   162 | D        | Found a bloodstained altar of Trog.
   162 | D        | Found an ornate altar of the Wu Jian Council.
   162 | D        | Noticed an oklob sapling priest
   163 | D        | Found an iron altar of Okawaru.
   163 | D        | Found a glowing silver altar of Zin.
   163 | D        | Found a shadowy altar of Dithmenos.
   164 | D        | Found a hide-covered altar of Uskayaw.
   164 | D        | Found an ancient bone altar of Kikubaaqudgha.
   196 | D        | Found a glowing golden altar of the Shining One.
   196 | D        | Found a stormy altar of Qazlal.
   196 | D        | Found a white marble altar of Elyvilon.
   197 | D        | Found a radiant altar of Vehumet.
   197 | D        | Found a corrupted altar of Lugonu.
   199 | D        | Became a worshipper of Sif Muna the Loreminder
   204 | D        | Killed an oklob sapling priest
   205 | D        | Reached skill level 5 in Stealth
   205 | D        | Reached skill level 7 in Fire Magic
   205 | D        | Reached skill level 1 in Evocations
   205 | D        | Reached XP level 5. HP: 31/31 MP: 0/12
   303 | D        | Reached skill level 5 in Spellcasting
   303 | D        | Reached skill level 8 in Fire Magic
   367 | D        | Learned a level 2 spell: Static Discharge
   369 | D        | Reached * piety under Sif Muna
   375 | D        | Reached XP level 6. HP: 36/36 MP: 0/15
   477 | D        | Found Regeidd Wyal's Antique Armour Shop.
   477 | D        | Found Uneucise's Jewellery Emporium.
   486 | D        | Noticed a burning bush
   486 | D        | Noticed a wandering mushroom
   488 | D        | Noticed a wandering mushroom
   498 | D        | Killed a wandering mushroom
   498 | D        | Reached ** piety under Sif Muna
   499 | D        | Reached skill level 10 in Fire Magic
   499 | D        | Reached XP level 7. HP: 25/41 MP: 0/18
   614 | D        | Killed a wandering mushroom
   615 | D        | Reached skill level 1 in Hexes
   615 | D        | Reached skill level 11 in Fire Magic
   615 | D        | Reached skill level 5 in Evocations
   870 | D        | Killed a burning bush
   871 | D        | Reached XP level 8. HP: 16/46 MP: 0/21
   992 | D        | Found Kuph's Weapon Emporium.
   992 | D        | Found Ogouh's General Store.
   996 | D        | Identified the +4 orcbow "Mukosk" {heavy, Fly rPois rC+}
  1042 | D        | Reached *** piety under Sif Muna
  1043 | D        | Reached skill level 10 in Spellcasting
  1056 | D        | Noticed a queen bee
  1064 | D        | Reached skill level 12 in Fire Magic
  1068 | D        | Killed a queen bee
  1069 | D        | Reached **** piety under Sif Muna
  1321 | D        | Noticed an oklob plant
  1325 | D        | Killed an oklob plant
  1326 | D        | Reached skill level 13 in Fire Magic
  1326 | D        | Reached XP level 9. HP: 51/51 MP: 14/24
  1378 | D        | Noticed a burning bush
  1391 | D        | Killed a burning bush
  1392 | D        | Reached skill level 1 in Ranged Weapons
  1392 | D        | Reached skill level 1 in Invocations
  1510 | D        | Noticed a burning bush
  1510 | D        | Noticed an oklob plant
  1669 | D        | Killed a burning bush
  1679 | D        | Killed an oklob plant
  1683 | D        | Reached ***** piety under Sif Muna
  1684 | D        | Noticed a wandering mushroom
  1694 | D        | Killed a wandering mushroom
  1958 | D        | Noticed a spriggan druid
  1962 | D        | Killed a spriggan druid
  1963 | D        | Reached skill level 5 in Conjurations
  1963 | D        | Reached skill level 14 in Fire Magic
  1963 | D        | Reached XP level 10. HP: 43/56 MP: 17/26
  2044 | D        | Killed an oklob plant conjurer
  2044 | D        | Received a gift from Sif Muna
  2048 | D        | Got Sif Muna's Further Steps in Willworking {god gift}
  2058 | D        | Learned a level 3 spell: Swiftness
  2064 | D        | Learned a level 5 spell: Arcjolt
  2070 | D        | Learned a level 5 spell: Irradiate
  2162 | D        | Noticed an oklob plant
  2162 | D        | Noticed an oklob plant summoner
  2171 | D        | Killed an oklob plant
  2172 | D        | Reached skill level 1 in Transmutations
  2172 | D        | Reached skill level 1 in Air Magic
  2172 | D        | Reached skill level 5 in Invocations
  2394 | D        | Noticed an oklob plant shifter
  2398 | D        | Killed an oklob plant summoner
  2405 | D        | Killed an oklob plant shifter
  2406 | D        | Reached skill level 5 in Ranged Weapons
  2480 | D        | Noticed Agnes
  2485 | D        | Found Xuibrept's Antique Armour Emporium.
  2490 | D        | Killed Agnes
  2490 | D        | Noticed a spriggan berserker
  2492 | D        | Killed a spriggan berserker
  2493 | D        | Reached skill level 1 in Fighting
  2582 | D        | Found Muug's Assorted Antiques.
  2585 | D        | Noticed a spriggan defender
  2586 | D        | Found the +2 pair of slick slippers {slick, slippery, EV+4}
  2594 | D        | Learned a level 4 spell: Airstrike
  2655 | D        | Killed a spriggan defender
  2656 | D        | Reached XP level 11. HP: 63/63 MP: 16/28
  2743 | D        | Noticed a spriggan rider
  2930 | D        | Shot with an arrow by a spriggan rider

Illustrated notes

Levels and vault maps discovered:
D:        dungeon_sprint_fedhas [sprint_temple]

Skill      XL: |  1  2  3  4  5  6  7  8  9 10 |
---------------+-------------------------------+-----
Stealth        | 3 4 5 6 |  6.1
Fire Magic     | 4 6 7 8 10 11 13 14 | 14.9
Dodging        | 3 4 |  4.9
Spellcasting   | 3 4 6 8 9 11 12 13 | 13.6
Evocations     | 1 3 4 6 7 |  7.8
Hexes          | 1 3 |  3.0
Conjurations   | 2 5 6 |  6.9
Ranged Weapons | 4 6 |  6.2
Invocations    | 4 6 |  6.9
Transmutations | 4 |  4.3
Air Magic      | 4 |  4.2
Fighting       | 1 |  1.2

Action                     |  1- 3 |  4- 6 |  7- 9 | 10-12 || total
---------------------------+-------+-------+-------+-------++-------
  Melee: Unarmed           |     8 |       |       |       ||     8
         Constrict         |     3 |       |       |       ||     3
         Tentacles         |     2 |       |     2 |       ||     4
         Rapier            |       |       |     3 |       ||     3
   Fire: Orcbow            |       |       |       |     7 ||     7
   Cast: Foxfire           |     7 |     1 |    22 |    10 ||    40
         Scorch            |       |    22 |    53 |    12 ||    87
         Inner Flame       |       |     1 |     5 |     7 ||    13
         Flame Wave        |       |       |     5 |    11 ||    16
         Static Discharge  |       |       |       |     1 ||     1
         Irradiate         |       |       |       |     1 ||     1
         Airstrike         |       |       |       |     1 ||     1
         Arcjolt           |       |       |       |     1 ||     1
 Invoke: Channel Magic     |       |       |       |     1 ||     1
Ability: Evoke Invisibilit |       |     5 |     5 |     2 ||    12
    Use: Potion            |     1 |       |     1 |     2 ||     4
         Scroll            |       |       |       |     3 ||     3
   Stab: Sleeping          |     1 |       |       |       ||     1
 Armour: Skin              |       |       |       |     1 ||     1
  Dodge: Dodged            |     7 |       |     5 |    12 ||    24

Table legend: (Time is in decaauts)
 A = Elapsed time spent in this place.
 B = Non-inter-level travel time spent in this place.
 C = Inter-level travel time spent in this place.
 D = Time resting spent in this place.
 E = Time spent auto-exploring this place.
 F = Levels seen in this place.
 G = Mean time per level.
                   A        B        C        D        E       F      G
               +--------+--------+--------+--------+--------+-----+--------+
         Total |   2916 |   2916 |      0 |   2069 |      0 |   1 | 2916.0 |
       Dungeon |   2916 |   2916 |      0 |   2069 |      0 |   1 | 2916.0 |
               +--------+--------+--------+--------+--------+-----+--------+

Top non-repeatable levels by time:
       D: 2916 daAuts
